 Dungeon Crawl Stone Soup version 0.27-a0-1579-g97d2440184 (webtiles) character file.

Game seed: 14686596811453901280

928 bande the Covered (level 8, -4/49 HPs)
             Began as a Gargoyle Fighter on July 17, 2021.
             Was an Initiate of Okawaru.
             Slain by a gnoll sergeant (9 damage)
             ... on level 5 of the Dungeon.
             The game lasted 00:06:29 (4139 turns).

bande the Covered (Gargoyle Fighter)                Turns: 4139, Time: 00:06:29

Health: -4/49      AC: 17    Str: 20    XL:     8   Next: 11%
Magic:  8/8        EV:  6    Int: 10    God:    Okawaru [......]
Gold:   202        SH: 11    Dex: 10    Spells: 7/7 levels left

rFire    + . .     SeeInvis .   k - +2 hand axe (freeze)
rCold    . . .     Faith    .   c - +1 kite shield
rNeg     + . .     Spirit   .   p - +0 chain mail
rPois    ∞         Reflect  .   (helmet restricted)
rElec    +         Harm     .   (no cloak)
rCorr    .         Rampage  .   (no gloves)
Will     .....                  (no boots)
Stlth    ..........             n - amulet of regeneration
HPRegen  1.16/turn              (no ring)
MPRegen  0.11/turn              (no ring)

@: flying
A: sickness immunity, AC +5, negative energy resistance 1, electricity
resistance, torment resistance 1, petrification resistance, antennae 1, big
wings, iridescent scales 1, fire resistance 1
a: Renounce Religion


You were on level 5 of the Dungeon.
You worshipped Okawaru.
Okawaru was noncommittal.
You visited 2 branches of the dungeon, and saw 6 of its levels.

You collected 202 gold pieces.

Inventory:

Hand Weapons
 a - a +1 war axe
 k - a +2 hand axe of freezing (weapon)
 l - a +0 flail
Armour
 c - a +1 kite shield (worn)
 p - a +0 chain mail (worn)
Jewellery
 n - an amulet of regeneration (around neck)
Wands
 i - a wand of flame (11)
Scrolls
 g - a scroll of enchant armour
 h - 2 scrolls of identify
 j - 2 scrolls of teleportation
 m - a scroll of magic mapping
Potions
 b - a potion of degeneration {unknown}
 d - a potion of might
 e - a potion of berserk rage
 f - a potion of heal wounds


   Skills:
 + Level 5.0 Fighting
 + Level 4.6 Axes
 + Level 5.2 Armour
 + Level 1.5 Dodging
 + Level 5.2 Shields
 * Level 2.9 Evocations


You had 7 spell levels left.
You didn't know any spells.
Your spell library contained the following spells:

 Spells                   Type           Power      Damage    Failure   Level
 Foxfire                  Conj/Fire      0%         2x1d4     100%        1
 Ensorcelled Hibernation  Hex/Ice        0%         N/A       100%        2
 Conjure Flame            Conj/Fire      0%         6-21      100%        3
 Gell's Gravitas          Tloc           0%         N/A       100%        3
 Ignite Poison            Fire/Tmut/Pois 0%         N/A       100%        3
 Inner Flame              Hex/Fire       0%         N/A       100%        3
 Lesser Beckoning         Tloc           0%         N/A       100%        3
 Ozocubu's Armour         Ice            0%         N/A       100%        3
 Spider Form              Tmut/Pois      0%         N/A       100%        3
 Teleport Other           Tloc           0%         N/A       100%        3
 Sticky Flame             Conj/Fire      0%         2d3       100%        4
 Shadow Creatures         Summ           N/A        N/A       100%        6
 Ozocubu's Refrigeration  Ice            0%         4d5       100%        7


Dungeon Overview and Level Annotations

Branches:
Dungeon (5/15)             Temple (1/1) D:5

Altars:
Ashenzari
Dithmenos
Elyvilon
Fedhas
Gozag
Hepliaklqana
Makhleb
Nemelex Xobeh
Okawaru
Ru
Sif Muna
Trog
Uskayaw
Vehumet
Wu Jian
Xom
Yredelemnul
Zin
The Shining One

Shops:
D:1 [

Annotations:
D:5 3 runed translucent doors


Innate Abilities, Weirdness & Mutations

You are immune to sickness and miasma.
Your stone body is resilient. (AC +5)
You are immune to poison.
You resist negative energy. (rN+)
You are resistant to electric shocks. (rElec)
You are resistant to unholy torment.
You are immune to petrification.
You have a pair of small antennae on your head.
Your large and strong wings let you fly.
You are partially covered in iridescent scales. (AC +2)
Your flesh is heat resistant. (rF+)


Message History

You are too injured to fight recklessly!
You are too injured to fight recklessly!
You are too injured to fight recklessly!
You are too injured to fight recklessly!
You hit the gnoll sergeant. You freeze the gnoll sergeant.
The gnoll sergeant is moderately wounded.
You block the gnoll sergeant's attack.
You hit the gnoll sergeant but do no damage.
The gnoll sergeant is moderately wounded.
You block the gnoll sergeant's attack.
The gnoll sergeant hits you with a +1 trident of freezing.
The gnoll sergeant freezes you.
You hit the gnoll sergeant but do no damage.
The gnoll sergeant is moderately wounded.
The gnoll sergeant hits you with a +1 trident of freezing.
The gnoll sergeant freezes you.
* * * LOW HITPOINT WARNING * * *
You hit the gnoll sergeant but do no damage.
The gnoll sergeant is moderately wounded.
You block the gnoll sergeant's attack.
You hit the gnoll sergeant. You freeze the gnoll sergeant.
The gnoll sergeant is heavily wounded.
The gnoll sergeant barely misses you.
The gnoll sergeant hits you but does no damage.
You hit the gnoll sergeant. You freeze the gnoll sergeant.
The gnoll sergeant is heavily wounded.
The gnoll sergeant hits you with a +1 trident of freezing!
* * * LOW HITPOINT WARNING * * *
The gnoll sergeant freezes you.
* * * LOW HITPOINT WARNING * * *
You hit the gnoll sergeant but do no damage.
The gnoll sergeant is heavily wounded.
The gnoll sergeant hits you with a +1 trident of freezing.
* * * LOW HITPOINT WARNING * * *
The gnoll sergeant freezes you.
* * * LOW HITPOINT WARNING * * *
You slash the gnoll sergeant! You freeze the gnoll sergeant.
The gnoll sergeant is almost dead.
The gnoll sergeant hits you with a +1 trident of freezing!
You die...

.... ##. (...
##...
#..##....#
#..#....#
###..#...#
....+...#
#.g+...#
#.@+...##
#).#....#
#..#....# #
#>###..##....#
.
#.......##....
#
#.###.#).###..
# #.##...#####
#. ##......#
..####..###...
###


You could see a gnoll sergeant.

Vanquished Creatures
  An ice beast (D:5)
  2 necrophages
  An ogre (D:5)
  A phantom (D:5)
  2 scorpions
  An orc priest (D:4)
  A jelly (D:5)
  2 hounds
  2 orc wizards (D:4)
  2 hound skeletons
  A howler monkey zombie (D:5)
  2 gnolls (D:5)
  5 adders
  A howler monkey skeleton (D:4)
  A white imp (Temple)
  An ufetubus (D:5)
  An adder skeleton (D:4)
  A worm (D:3)
  5 dart slugs
  10 orcs
  5 endoplasms
  4 giant cockroaches
  4 goblins
  3 hobgoblins
  2 jackals (D:4)
  2 quokkas (D:4)
  6 ball pythons
  3 bats
  3 frilled lizards
  6 kobolds
  3 rats
84 creatures vanquished.

Notes
Turn   | Place    | Note
-------+----------+-------------------------------------------
     0 | D:1      | bande the Gargoyle Fighter began the quest for the Orb.
     0 | D:1      | Reached XP level 1. HP: 14/14 MP: 1/1
   393 | D:1      | Found a faded altar of an unknown god.
   424 | D:1      | Reached XP level 2. HP: 20/20 MP: 2/2
   644 | D:1      | Found Ewuiz's Antique Armour Boutique.
  1212 | D:2      | Reached XP level 3. HP: 24/24 MP: 3/3
  1639 | D:3      | Gained mutation: You have a pair of small antennae on your
                  | head. [potion of mutation]
  1639 | D:3      | Gained mutation: You are partially covered in iridescent
                  | scales. (AC +2) [potion of mutation]
  1639 | D:3      | Gained mutation: Your large and strong wings let you fly.
                  | [potion of mutation]
  1639 | D:3      | Gained mutation: Your flesh is heat resistant. (rF+)
                  | [potion of mutation]
  2118 | D:3      | Noticed a necrophage
  2125 | D:3      | Killed a necrophage
  2126 | D:3      | Reached XP level 4. HP: 29/29 MP: 4/4
  2126 | D:3      | Reached XP level 5. HP: 33/33 MP: 5/5
  2876 | D:4      | Reached skill level 1 in Evocations
  2876 | D:4      | Reached XP level 6. HP: 38/39 MP: 6/6
  2888 | D:4      | Found a glowing silver altar of Zin.
  2888 | D:4      | Found a shimmering altar of Xom.
  2889 | D:4      | Found a broken altar of Ashenzari.
  3000 | D:4      | You are sucked into a shaft and drop 1 floor!
  3000 | D:5      | Entered Level 5 of the Dungeon
  3408 | D:4      | Reached XP level 7. HP: 34/44 MP: 7/7
  3502 | D:4      | Reached skill level 1 in Dodging
  3688 | D:4      | Found a shadowy altar of Dithmenos.
  3844 | D:5      | Reached skill level 5 in Armour
  4011 | D:5      | Found a staircase to the Ecumenical Temple.
  4018 | D:5      | Reached skill level 5 in Fighting
  4018 | D:5      | Reached skill level 5 in Shields
  4028 | Temple   | Entered the Ecumenical Temple
  4048 | Temple   | Became a worshipper of Warmaster Okawaru
  4061 | D:5      | Reached XP level 8. HP: 39/49 MP: 8/8
  4120 | D:5      | Found a runed translucent gate.
  4120 | D:5      | Found a runed translucent gate.
  4120 | D:5      | Found a runed translucent gate.
  4139 | D:5      | Slain by a gnoll sergeant

Illustrated notes

Levels and vault maps discovered:
D:1:      beargit_arrival_greenhouse, layout_basic, serial_shops,
          nicolae_shop_competitors_out_of_business,
          hellmonk_ecumenical_altar_leap_of_faith, minmay_quantized
D:2:      layout_loops_cross, hangedman_decor_clover_reticule
D:3:      layout_loops_corners
D:4:      layout_cave_pools, nicolae_overflow_quartered_altars
D:5:      layout_loops_ring, minmay_temple_entry_sparse_star,
          gammafunk_ghost_icy, kennysheep_generic_room_6
Temple:   nicolae_temple_no_exploring_needed

Skill      XL: |  1  2  3  4  5  6  7 |
---------------+----------------------+-----
Fighting       | 4 5 |  5.0
Axes           | 2 3 4 |  4.6
Shields        | 4 5 |  5.2
Armour         | 4 5 |  5.2
Evocations     | 1 2 |  2.9
Dodging        | 1 |  1.5

Action                   |  1- 3 |  4- 6 |  7- 9 || total
-------------------------+-------+-------+-------++-------
Melee: War axe           |   114 |    19 |       ||   133
       Hand axe          |       |    79 |   142 ||   221
  Use: Scroll            |     4 |     6 |     1 ||    11
       Potion            |     1 |       |       ||     1
Armor: Scale mail        |    56 |    54 |    36 ||   146
       Chain mail        |       |       |    76 ||    76
Dodge: Dodged            |    43 |    18 |    28 ||    89
Block: Kite shield       |    75 |    54 |    73 ||   202

Table legend: (Time is in decaauts)
 A = Elapsed time spent in this place.
 B = Non-inter-level travel time spent in this place.
 C = Inter-level travel time spent in this place.
 D = Time resting spent in this place.
 E = Time spent auto-exploring this place.
 F = Levels seen in this place.
 G = Mean time per level.
                   A        B        C        D        E       F      G
               +--------+--------+--------+--------+--------+-----+--------+
         Total |   4293 |   4252 |     41 |    509 |   2735 |   6 |  715.5 |
       Dungeon |   4261 |   4220 |     41 |    509 |   2735 |   5 |  852.2 |
        Temple |     32 |     32 |      0 |      0 |      0 |   1 |   32.0 |
               +--------+--------+--------+--------+--------+-----+--------+

Top non-repeatable levels by time:
     D:3: 1168 daAuts
     D:4: 1077 daAuts
     D:1: 881 daAuts
     D:2: 790 daAuts
     D:5: 344 daAuts
  Temple: 32 daAuts
